 Dungeon Crawl Stone Soup version 0.25-a0-353-ged6d54792d (webtiles) character file.

Game seed: 9972755857457817507, levelgen mode: classic

2401 Borgoz the Cleaver (level 9, -1/82 HPs)
             Began as a Hill Orc Fighter on Jan 1, 2020.
             Was an Initiate of Ashenzari.
             Slain by a porcupine (2 damage)
             ... on level 7 of the Dungeon.
             The game lasted 00:09:58 (6143 turns).

Borgoz the Cleaver (Hill Orc Fighter)               Turns: 6143, Time: 00:09:59

Health: -1/82      AC: 15    Str: 21    XL:     9   Next: 46%
Magic:  9/9        EV:  9    Int:  8    God:    Ashenzari [......]
Gold:   256        SH:  9    Dex: 11    Spells: 8/8 levels left

rFire    . . .     SeeInvis .   y - +0 hand axe (elec)
rCold    . . .     Gourm    .   c - +0 shield
rNeg     . . .     Faith    .   v - +1 scale mail {MR+}
rPois    .         Spirit   .   z - +0 helmet
rElec    .         Reflect  .   k - +0 cloak
rCorr    .         Harm     .   (no gloves)
MR       +....                  b - +0 pair of boots
Stlth    ..........             (no amulet)
HPRegen  0.23/turn              i - +2 ring of protection
MPRegen  0.11/turn              (no ring)

@: no status effects
A: no striking features
a: Curse Item, Renounce Religion


You were on level 7 of the Dungeon.
You worshipped Ashenzari.
Ashenzari was noncommittal.
You were hungry.

You visited 2 branches of the dungeon, and saw 9 of its levels.

You collected 256 gold pieces.

Inventory:

Hand Weapons
 y - a +0 hand axe of electrocution (weapon)
Missiles
 w - 2 throwing nets (quivered)
Armour
 b - a +0 pair of boots (worn)
 c - a +0 shield (worn)
 k - a +0 cloak (worn)
 v - a +1 scale mail of magic resistance (worn)
 z - a +0 helmet (worn)
Jewellery
 i - a +2 ring of protection (left hand)
 l - an uncursed ring of ice
 s - a +5 ring of intelligence
Wands
 g - a wand of scattershot (6)
 j - a wand of disintegration (7)
 q - a wand of flame (53)
Scrolls
 a - a scroll of fear
 e - a scroll of magic mapping
 m - 2 scrolls of random uselessness {unknown}
 o - 3 scrolls of teleportation
 B - a scroll of blinking
 D - a scroll of enchant armour
 E - a scroll of remove curse
Potions
 d - a potion of might
 h - 4 potions of lignification
 n - 2 potions of curing
 p - 2 potions of magic
 r - 2 potions of brilliance
 t - 4 potions of heal wounds
 u - a potion of flight
 x - a potion of mutation
 F - a potion of degeneration {unknown}
Comestibles
 f - 12 rations


   Skills:
 * Level 8.8 Fighting
 * Level 9.0 Axes
 * Level 8.0 Armour
 + Level 3.7 Dodging
 - Level 3.3 Shields


You had 8 spell levels left.
You didn't know any spells.
Your spell library contained the following spells:

 Spells                   Type           Power        Failure   Level  Hunger
 Corona                   Hex            #......      99%         1    ##.....
 Ensorcelled Hibernation  Hex/Ice        #.....       100%        2    ###....
 Confuse                  Hex            #.......     100%        3    ####...
 Dazzling Flash           Conj/Hex       #.....       100%        3    ####...
 Tukima's Dance           Hex            #.......     100%        3    ####...


Dungeon Overview and Level Annotations

Branches:
Dungeon (8/15)             Temple (1/1) D:7
   Lair: D:8-11

Altars:
Ashenzari
Cheibriados
Dithmenos
Elyvilon
Gozag
Hepliaklqana
Kikubaaqudgha
Nemelex Xobeh
Okawaru
Sif Muna
Trog
Uskayaw
Vehumet
Wu Jian
Xom
Yredelemnul
Zin

Shops:
D:5 *   D:6 *

Annotations:
D:8 2 runed translucent doors


Message History

You block the porcupine's attack.
The crimson imp hits you but does no damage.
You climb upwards.
There is a stone staircase leading down here.
You are too injured to fight recklessly!
You are struck by the porcupine's spines.
* * * LOW HITPOINT WARNING * * *
You closely miss the porcupine.
The porcupine is heavily wounded.
You slash the crimson imp!
Lightning courses through the crimson imp!
You kill the crimson imp!
Your Axes skill increases to level 9!
Your Armour skill increases to level 8!
The porcupine bites you but does no damage.
You are struck by the porcupine's spines.
* * * LOW HITPOINT WARNING * * *
You closely miss the porcupine.
The porcupine is heavily wounded.
The porcupine bites you.
You die...

####### ### ##..#..# #.##
#......####r.### ###
##......##...@..# ##.##
##...#....#......# ####...##
#....#...##......# ##.#.....##
#................# #...#.....#
##.>..........#..####..........
#............#...##...........
###......................###..
#......##..............###..
#.....####..................


You could see a porcupine.

Vanquished Creatures
  2 water moccasins (D:6)
  2 orc warriors
  An ice beast (D:6)
  2 ogres (D:7)
  3 bullfrogs
  A scorpion (D:7)
  3 howler monkeys
  3 crimson imps
  A bullfrog zombie (D:5)
  A centaur zombie (D:5)
  2 jellies
  A hound (D:7)
  A bullfrog skeleton (D:5)
  5 orc priests
  A gnoll shaman (D:6)
  A centaur skeleton (D:5)
  An iguana (D:7)
  9 worker ants
  Natasha (thrice) (D:3)
  5 orc wizards
  Ijyb (D:3)
  A hound zombie (D:5)
  Robin (D:4)
  18 gnolls
  9 adders
  A shadow imp (D:5)
  3 oozes
  2 adder skeletons (D:4)
  A worm (D:3)
  A dart slug (D:1)
  3 leopard geckos
  31 orcs
  A ball python (D:5)
  4 giant cockroaches
  10 goblins
  8 hobgoblins
  6 jackals
  2 kobolds (D:3)
  4 quokkas
  7 bats
  4 frilled lizards
  A jackal skeleton (D:4)
  A leopard gecko skeleton (D:5)
  A quokka skeleton (D:5)
  4 rats
173 creatures vanquished.

Vanquished Creatures (others)
  A human (D:4)
  A fungus (D:8)
2 creatures vanquished.

Grand Total: 175 creatures vanquished

Notes
Turn   | Place    | Note
-------+----------+-------------------------------------------
     0 | D:1      | Borgoz the Hill Orc Fighter began the quest for the Orb.
     0 | D:1      | Reached XP level 1. HP: 19/19 MP: 1/1
   238 | D:1      | Reached XP level 2. HP: 19/27 MP: 2/2
   587 | D:2      | Reached skill level 3 in Axes
   783 | D:2      | Reached XP level 3. HP: 33/33 MP: 3/3
   870 | D:2      | Found an ancient bone altar of Kikubaaqudgha.
  1186 | D:3      | Noticed Natasha
  1196 | D:3      | Killed Natasha
  1196 | D:3      | Reached XP level 4. HP: 41/41 MP: 4/4
  1244 | D:3      | Found a snail-covered altar of Cheibriados.
  1301 | D:3      | Reached skill level 1 in Dodging
  1332 | D:3      | Noticed Natasha
  1338 | D:3      | Killed Natasha
  1338 | D:3      | Reached skill level 4 in Axes
  1382 | D:3      | Noticed Natasha
  1391 | D:3      | Reached XP level 5. HP: 31/47 MP: 5/5
  1405 | D:3      | Killed Natasha
  1695 | D:3      | Reached skill level 5 in Fighting
  1703 | D:3      | Noticed Ijyb
  1717 | D:3      | Killed Ijyb
  1753 | D:3      | Found a basalt altar of Yredelemnul.
  2249 | D:4      | Reached XP level 6. HP: 52/56 MP: 6/6
  2553 | D:4      | Found an ancient bone altar of Kikubaaqudgha.
  2554 | D:4      | Noticed a human
  2556 | D:4      | Killed a human
  2575 | D:4      | Reached skill level 5 in Axes
  2575 | D:4      | Reached skill level 5 in Armour
  2715 | D:4      | Noticed Robin
  2726 | D:4      | Killed Robin
  2810 | D:4      | Reached XP level 7. HP: 54/62 MP: 7/7
  3252 | D:5      | Entered Level 5 of the Dungeon
  3296 | D:5      | Found an opulent altar of Gozag.
  3752 | D:5      | Reached skill level 6 in Axes
  3874 | D:5      | Found Mapruprym's Assorted Antiques.
  3938 | D:5      | Reached XP level 8. HP: 67/71 MP: 8/8
  4188 | D:5      | Found a hazy altar of Hepliaklqana.
  4351 | D:6      | Reached skill level 7 in Axes
  4399 | D:6      | Found a sparkling altar of Nemelex Xobeh.
  4412 | D:6      | Found Dyuxzent's Serpentskin Sales.
  4515 | D:6      | Found a white marble altar of Elyvilon.
  4736 | D:6      | Found an opulent altar of Gozag.
  4740 | D:6      | Reached skill level 8 in Axes
  4741 | D:6      | Found a glowing silver altar of Zin.
  4762 | D:6      | Reached XP level 9. HP: 73/81 MP: 9/9
  5540 | D:7      | Found a hide-covered altar of Uskayaw.
  5817 | D:7      | Found a staircase to the Ecumenical Temple.
  5960 | Temple   | Entered the Ecumenical Temple
  6007 | Temple   | Became a worshipper of Ashenzari the Shackled
  6129 | D:8      | Found a large runed translucent door.
  6129 | D:8      | Found a large runed translucent door.
  6142 | D:7      | Reached skill level 9 in Axes
  6143 | D:7      | HP: 1/82 [porcupine's spines (11)]
  6143 | D:7      | Slain by a porcupine

Levels and vault maps discovered:
D:1:      eino_arrival_tree_alley, layout_basic, hex_medium, minmay_fountain_box
D:2:      minmay_evil_eye, layout_loops_ring, kiku_gazebo_pond_becter
D:3:      layout_loops_ring, cheibriados_altar_1, lemuel_crystal_altar,
          uniq_natasha, uniq_ijyb
D:4:      layout_loops_corners, first_ration, tgw_kikubaaqudgha, uniq_robin
D:5:      layout_cave_pods, kennysheep_mini, serial_shops,
          nicolae_shop_overgrown_old_shop, grunt_gozag_statues
D:6:      layout_basic, grunt_temple_overflow_gold_and_silver,
          nicolae_overflow_hidden_temple, basic_altar,
          minmay_misc_feat_ornament, guppyfry_shop_venom
D:7:      layout_cave_pools, old_standard_altar, minmay_temple_entry_fiery
D:8:      minmay_bloctagon_deflated, layout_cave_pools,
          nicolae_tso_swordbearing_angel, nicolae_overflow_crystal_walls,
          minmay_lair_entry_grove, ebering_ghost_disaster_area
Temple:   kb_temple_of_zot

Skill      XL: |  1  2  3  4  5  6  7  8  9 |
---------------+----------------------------+-----
Axes           | 3 4 5 6 8 9 |  9.0
Fighting       | 4 5 6 8 |  8.8
Armour         | 4 5 6 7 8 |  8.0
Dodging        | 1 2 3 |  3.7
Shields        | |  3.3

Action                   |  1- 3 |  4- 6 |  7- 9 || total
-------------------------+-------+-------+-------++-------
Melee: War axe           |    79 |   112 |       ||   191
       Hand axe          |       |    65 |   313 ||   378
  Use: Scroll            |       |     6 |    10 ||    16
       Potion            |       |     2 |     1 ||     3
  Eat: Chunk             |     1 |     6 |    10 ||    17
Armor: Scale mail        |    40 |    96 |   152 ||   288
Dodge: Dodged            |    22 |    62 |    96 ||   180
Block: Shield            |    39 |    85 |   129 ||   253

Table legend:
 A = Non-vault XP
 B = Vault XP
 C = Vault XP percentage of total XP
 D = Non-vault monster count
 E = Vault monster count
 F = Vault count percentage of total count
                 A         B        C        D         E       F
            +---------+---------+-------+---------+---------+-------
      Total |    3030 |     401 |  11.7 |     154 |      19 |  11.0
            +---------+---------+-------+---------+---------+-------
        D:1 |      11 |       0 |   0.0 |       6 |       0 |   0.0
        D:2 |      22 |      10 |  31.2 |      10 |       5 |  33.3
        D:3 |     189 |      68 |  26.5 |      31 |       2 |   6.1
        D:4 |     345 |      30 |   8.0 |      25 |      10 |  28.6
        D:5 |     769 |       0 |   0.0 |      37 |       0 |   0.0
        D:6 |     817 |     293 |  26.4 |      28 |       2 |   6.7
        D:7 |     877 |       0 |   0.0 |      17 |       0 |   0.0
            +---------+---------+-------+---------+---------+-------
